 Dungeon Crawl Stone Soup version 0.29.0-13-gc9e81de378 (webtiles) character file.

Game seed: 17085983263421309697

100226 concernfroge the Cruncher (level 15, -2/115 HPs)
             Began as a Mummy Monk on Sept 10, 2022.
             Was a High Priest of Wu Jian.
             Slain by a spriggan rider
             ... wielding a +0 spear
              (17 damage)
             ... on level 1 of the Swamp.
             The game lasted 02:17:12 (33020 turns).

concernfroge the Cruncher (Mummy Monk)             Turns: 33020, Time: 02:17:12

Health: -2/115     AC: 34    Str: 27    XL:     15   Next: 79%
Magic:  15/15      EV: 18    Int: 10    God:    Wu Jian [*****.]
Gold:   1743       SH:  0    Dex: 15    Spells: 14/14 levels left

rFire   . . .      SeeInvis +   a - +5 lajatang "Reobb" {vorpal, Will+}
rCold   + + .      Faith    +   (shield currently unavailable)
rNeg    + + +      Spirit   .   M - +8 crystal plate armour {rC+}
rPois   ∞          Reflect  .   c - +0 helmet
rElec   +          Harm     .   D - scarf {shadows}
rCorr   .          Rampage  .   R - +1 pair of gloves
Will    ++...                   p - +1 pair of boots of Responsibility {rF++}
Stlth   ..........              s - amulet of faith
HPRegen 0.29/turn               e - +6 ring of strength
MPRegen 0.14/turn               O - ring of Miom {rElec rPois rF- SInv Stlth+}

@: exhausted, in a heavenly storm, glowing
A: cold resistance 1, negative energy resistance 3, torment resistance 2, heat
vulnerability 1, in touch with death 2, no potions
a: Renounce Religion, Wall Jump, Serpent's Lash, Heavenly Storm


You were on level 1 of the Swamp.
You worshipped Wu Jian.
Wu Jian was extremely pleased with you.
You visited 5 branches of the dungeon, and saw 24 of its levels.
You also visited: Ice Cave.

You collected 2474 gold pieces.
You spent 731 gold pieces at shops.

Inventory:

Hand Weapons
 a - the +5 lajatang "Reobb" (weapon) {vorpal, Will+}
   (You acquired it on level 6 of the Dungeon)

   It inflicts extra damage upon your enemies.
   Will:      It increases your willpower.
 b - a +4 scimitar of flaming
 F - the +10 sling of Arrival {freeze, Drain Int+3 Dex+4}
   (You found it in an ice cave)

   Any ammunition fired from it freezes those it strikes, dealing additional
   cold damage.
   It can also slow down cold-blooded creatures.
   Int:       It affects your intelligence (+3).
   Dex:       It affects your dexterity (+4).
   Drain:     It drains your maximum health when unequipped.
Missiles
 n - 8 atropa-tipped darts
 q - 6 curare-tipped darts
 v - 10 poisoned darts
 C - 13 boomerangs (quivered)
 E - 4 silver javelins
Armour
 c - a +0 helmet (worn)
 g - a +0 buckler
 p - the +1 pair of boots of Responsibility (worn) {rF++}
   (You found it on level 6 of the Dungeon)

   rF:        It greatly protects you from fire.
 A - a +2 ring mail of fire resistance
 D - a scarf of shadows (worn)
 M - a +8 crystal plate armour of cold resistance (worn)
 R - a +1 pair of gloves (worn)
Magical Staves
 L - a staff of air
Jewellery
 e - a +6 ring of strength (left hand)
 f - a ring of ice
 h - a +6 ring of strength
 r - a ring of ice
 s - an amulet of faith (around neck)
 O - the ring of Miom (right hand) {rElec rPois rF- SInv Stlth+}
   (You acquired it on level 14 of the Dungeon)

   [ring of see invisible]

   rF:        It makes you vulnerable to fire.
   rElec:     It insulates you from electricity.
   rPois:     It protects you from poison.
   SInv:      It lets you see invisible.
   Stlth:     It makes you more stealthy.
Wands
 d - a wand of charming (2)
 z - a wand of light (4)
 H - a wand of polymorph (12)
Scrolls
 i - 13 scrolls of teleportation
 j - 3 scrolls of amnesia
 l - 6 scrolls of magic mapping
 o - 2 scrolls of torment
 t - 3 scrolls of fog
 u - 2 scrolls of brand weapon
 w - a scroll of enchant armour
 x - 3 scrolls of noise
 B - 3 scrolls of enchant weapon
 I - 2 scrolls of fear
 K - a scroll of silence
 P - a scroll of poison
Miscellaneous
 y - a phantom mirror (inert)


   Skills:
 - Level 10.0 Fighting
 - Level 1.1(9.0) Maces & Flails
 - Level 2.4(9.3) Polearms
 - Level 13.8(14.0) Staves
 - Level 10.0 Throwing
 - Level 10.0 Armour
 - Level 10.0 Dodging
 - Level 6.0 Stealth
 + Level 6.0 Evocations


You had 14 spell levels left.
You didn't know any spells.
Your spell library contained the following spells:

 Spells                   Type           Power      Damage    Failure   Level
 Sandblast                Erth           0%         2d4       100%        1
 Shock                    Conj/Air       0%         1d3       100%        1
 Ensorcelled Hibernation  Hex/Ice        0%         N/A       100%        2
 Passwall                 Tmut/Erth      0%         N/A       100%        2
 Call Canine Familiar     Summ           0%         N/A       100%        3
 Conjure Flame            Conj/Fire      0%         6-21      100%        3
 Ignite Poison            Fire/Tmut/Pois 0%         N/A       100%        3
 Mephitic Cloud           Conj/Pois/Air  0%         N/A       100%        3
 Portal Projectile        Hex/Tloc       0%         N/A       100%        3
 Stone Arrow              Conj/Erth      0%         3d7       100%        3
 Summon Guardian Golem    Hex/Summ       0%         N/A       100%        3
 Swiftness                Air            0%         N/A       100%        3
 Tukima's Dance           Hex            0%         N/A       100%        3
 Airstrike                Air            0%         2d(0-16)  100%        4
 Animate Armour           Summ/Erth      0%         N/A       100%        4
 Corpse Rot               Necr/Pois/Air  0%         N/A       100%        4
 Dispel Undead            Necr           0%         3d6       100%        4
 Leda's Liquefaction      Hex/Erth       0%         N/A       100%        4
 Petrify                  Tmut/Erth      0%         N/A       100%        4
 Sticky Flame             Conj/Fire      0%         2d3       100%        4
 Summon Lightning Spire   Summ/Air       0%         N/A       100%        4
 Freezing Cloud           Conj/Ice/Air   0%         6-21      100%        5
 Irradiate                Conj/Tmut      0%         3d11      100%        5
 Lee's Rapid Deconstruct  Erth           0%         3d5*      100%        5
 Lightning Bolt           Conj/Air       0%         1d11      100%        5
 Metabolic Englaciation   Hex/Ice        0%         N/A       100%        5
 Death Channel            Necr           0%         N/A       100%        6
 Orb of Destruction       Conj           0%         9d5       100%        7
 Spellforged Servitor     Conj/Summ      0%         N/A       100%        7
 Lehudib's Crystal Spear  Conj/Erth      0%         10d2      100%        8
 Blade Hands              Tmut           Unusable   N/A       N/A         5
 Statue Form              Tmut/Erth      Unusable   N/A       N/A         6
 Dragon Form              Tmut           Unusable   N/A       N/A         7

Dungeon Overview and Level Annotations

Branches:
Dungeon (15/15)            Temple (1/1) D:6            Lair (5/5) D:11
  Swamp (1/4) Lair:2        Snake (0/4) Lair:3        Slime (0/5) Lair:5
    Orc (2/2) D:11            Elf (0/3) Orc:2        Vaults (0/5) D:14
 Depths (0/4) D:15          IceCv (visited)

Altars:
Ashenzari
Cheibriados
Dithmenos
Fedhas
Gozag
Hepliaklqana
Kikubaaqudgha
Makhleb
Nemelex Xobeh
Okawaru
Qazlal
Ru
Sif Muna
Trog
Uskayaw
Vehumet
Wu Jian
Xom
Yredelemnul
Jiyva

Shops:
D:12 ?   Orc:2 ([*:

Annotations:
D:2 1 runed translucent door, Crazy Yiuf
D:15 2 transporters, Gosau's ghost, journeyman DsGl
Lair:2 1 runed translucent door, unlimited1921's ghost, journeyman DjFE


Innate Abilities, Weirdness & Mutations

You are immune to poison.
Your flesh is cold resistant. (rC+)
You are immune to negative energy. (rN+++)
You are immune to unholy pain and torment.
You are vulnerable to heat. (rF-)
You are strongly in touch with the powers of death.
You do not drink.


Message History

Frances is heavily wounded.
You spin and attack Frances, with incredible momentum.
You open Frances like a pillowcase!!!
Frances is almost dead.
Your supernatural speed expires.
You spin and attack Frances.
You slice Frances!!
You kill Frances!
The Council accepts your kill.
Your swamp dragon bites the bunyip!!
Your swamp dragon claws the bunyip but does no damage.
Your swamp dragon tramples the bunyip.
The bunyip stumbles backwards!
Training target 10.0 for Throwing reached!
Your Throwing skill increases to level 10!
You need to enable at least one skill for training.
You see here a hornet corpse.
Your swamp dragon breathes poison at the bunyip.
The blast of poison engulfs the bunyip.
The bunyip is poisoned.
The spriggan rider hits you from afar with a +0 spear.
Things that are here:
a +0 trident; a +0 ring mail; the human corpse of Frances You spin and attack the bunyip.
You slash the bunyip!
The bunyip is heavily wounded.
The bunyip barely misses you. The bunyip claws you!
* * * LOW HITPOINT WARNING * * *
The bunyip claws you!
* * * LOW HITPOINT WARNING * * *
Your swamp dragon barely misses the bunyip.
Your swamp dragon claws the bunyip but does no damage.
Your swamp dragon tramples the bunyip.
The bunyip stumbles backwards!
The spriggan rider hits you from afar with a +0 spear.
* * * LOW HITPOINT WARNING * * *
Blink to where?
Press: ? - help, Dir - move target
As you read the scroll of blinking, it crumbles to dust.
You enter the shallow water.
Moving in this stuff is going to be slow.
The spriggan rider hits you from afar with a +0 spear.
* * * LOW HITPOINT WARNING * * *
The spriggan rider hits you from afar with a +0 spear!
You die...

♣♣.♣♣ ♣♣♣....~♣ ♣...♣♣.~..~~
♣...♣ ♣..<♣♣♣ ♣~§..~~♣♣§~~ ♣~..♣
♣...♣ ♣~..~~.♣♣~~† ♣~.§♣♣ ♣♣♣♣.~♣
♣♣~♣♣♣♣~..~~ ♣♣..~♣♣♣.~♣..♣♣♣♣♣♣
♣♣♣ ♣~....~
♣♣~§~......†.♣♣~.~♣♣♣♣♣♣♣.~§§~~
♣.~~~..~....?§§§§..~♣....~~.~~~ ♣
♣♣~~~.~.....♣♣§☼§[.~...~.....~~ ♣
♣~~§.♣♣~~.~~♣♣@§§§♣~♣~♣♣.~~....
♣♣♣.~~.♣♣♣♣.~~§☼☼§☼§§~~...♣♣>...~
♣♣..~~.♣♣♣.~~~§§Di§§§§.~~.♣~.....
♣..~~~~~.♣.~~~☼☼☼☼☼D§§§☼§~~.~~~~~
♣...~~~~....~~~○☼○☼☼§☼♣§☼~.~~~...
~♣~..~~~~~.§~..♣♣♣☼☼☼§§§w~.w≈....
.......~~~..~♣♣♣♣§§§§§☼§i...i..>
.~.....~§~..~♣ ♣♣♣♣☼§☼§♣.≈≈≈≈≈≈
.~~~~..~...♣♣♣ ♣§§§x§.≈≈≈≈≈≈


You could see a spriggan rider (very poisoned) and a friendly swamp dragon
(summoned, wandering).

Vanquished Creatures
  Rupert (D:13)
  Frances (Swamp:1)
  Roxanne (Swamp:1)
  Kirke (D:13)
  A fenstrider witch (Swamp:1)
  A reaper (IceCv)
  A stone giant (D:15)
  Azrael (D:15)
  An eleionoma (Swamp:1)
  2 ettins
  Josephine (Orc:2)
  A fire dragon (Lair:5)
  A ghost crab (Swamp:1)
  An ogre mage (D:14)
  A catoblepas (Lair:5)
  7 hydras
  6 centaur warriors
  3 boulder beetles
  2 two-headed ogres
  Erica (D:11)
  4 tengu warriors
  9 death yaks
  4 orc high priests
  Urug (Orc:2)
  2 spriggans (Swamp:1)
  A spriggan druid (Swamp:1)
  4 goliath frogs (Swamp:1)
  A bog body (Swamp:1)
  3 swamp dragons
  Pikel (D:5)
  A lindwurm (Orc:2)
  4 orc sorcerers (Orc:2)
  10 ugly things
  7 orc knights
  A deep elf pyromancer (D:12)
  A will-o-the-wisp (Swamp:1)
  An oklob plant (Lair:5)
  A manticore (D:13)
  2 cyclopes
  7 elephants (Lair:4)
  2 ice statues (IceCv)
  Joseph (D:7)
  10 cane toads
  A gargoyle (D:13)
  2 unseen horrors
  Maggie (D:8)
  4 rime drakes
  2 yaktaurs
  10 komodo dragons
  7 ice devils (IceCv)
  A tengu conjurer (D:14)
  A freezing wraith (IceCv)
  3 meliai (D:13)
  6 trolls
  2 polar bears
  3 hornets
  A tarantella (shapeshifter) (D:14)
  A blink frog (shapeshifter) (D:13)
  11 slime creatures
  6 blink frogs
  A shadow (D:10)
  59 yaks
  A hog (D:13)
  4 wyverns
  4 wraiths (Orc:2)
  4 fire bats (D:10)
  4 basilisks (Lair:5)
  4 steam dragons
  2 fire elementals (D:15)
  10 vampire mosquitoes
  A death yak simulacrum (IceCv)
  A harpy simulacrum (IceCv)
  7 wargs
  An acid dragon (Lair:5)
  3 nagas (Lair:3)
  3 swamp worms (Swamp:1)
  8 water moccasins
  2 hydra simulacra (IceCv)
  3 hell hounds
  2 swamp drakes
  24 orc warriors
  An ice beast (D:7)
  2 black bears
  8 ogres
  12 wolves
  5 boggarts (D:15)
  11 centaurs
  A phantom (D:4)
  2 kobold brigands
  10 bullfrogs
  A cane toad simulacrum (IceCv)
  A two-headed ogre simulacrum (IceCv)
  4 scorpions
  12 killer bees
  An elephant simulacrum (IceCv)
  6 electric eels
  A howler monkey (D:9)
  2 jellies (D:7)
  2 lava snakes (D:10)
  15 orc priests
  2 gnoll boudas
  4 hounds
  Ijyb (D:5)
  4 troll simulacra (IceCv)
  5 iguanas
  17 orc wizards
  4 hell rats (Lair:3)
  A spriggan simulacrum (IceCv)
  3 polar bear simulacra (IceCv)
  A naga simulacrum (IceCv)
  10 adders
  11 gnolls
  A shadow imp (D:8)
  6 white imps
  3 ufetubi
  3 worms
  A dart slug (D:1)
  79 orcs
  2 bats
  6 endoplasms
  5 giant cockroaches
  6 goblins
  6 jackals
  12 kobolds
  3 quokkas
  7 ball pythons
  4 frilled lizards
  10 rats
  A spectral goblin (D:1)
  2 fire vortices (D:10)
640 creatures vanquished.

Vanquished Creatures (collateral kills)
  Jorgrun (D:15)
  An orc warlord (Orc:2)
  A bunyip (Swamp:1)
  An orc knight (Orc:1)
  A hornet (Swamp:1)
  A warg (Orc:1)
  3 orc warriors
  An ogre (D:14)
  A centaur (D:14)
  6 orc priests (Orc:2)
  4 orc wizards (Orc:2)
  3 orcs
24 creatures vanquished.

Vanquished Creatures (others)
  A two-headed ogre (D:14)
  5 humans (D:13)
  A warg (Orc:1)
  3 orc warriors (Orc:1)
  An ogre (D:14)
  A gnoll (D:8)
  2 orcs
  A fire vortex (D:10)
  2 foxfires (Swamp:1)
  28 fungi
  38 plants
83 creatures vanquished.

Grand Total: 747 creatures vanquished

Notes
Turn   | Place    | Note
-------+----------+-------------------------------------------
     0 | D:1      | concernfroge the Mummy Monk began the quest for the Orb.
     0 | D:1      | Reached XP level 1. HP: 18/18 MP: 1/1
   283 | D:1      | Found a faded altar of an unknown god.
   314 | D:1      | Reached XP level 2. HP: 24/24 MP: 2/2
   889 | D:2      | Identified the +1 robe of Qaur {-Tele Rampage MP+9
                  | Archmagi}
  1078 | D:2      | Gained mutation: You are in touch with the powers of death.
                  | [Mummy growth]
  1078 | D:2      | Reached XP level 3. HP: 30/30 MP: 3/3
  1275 | D:2      | Found an ornate altar of the Wu Jian Council.
  1289 | D:2      | Became a worshipper of the Wu Jian Council
  1289 | D:2      | Reached * piety under Wu Jian
  1289 | D:2      | Reached ** piety under Wu Jian
  1427 | D:2      | Identified the ring "Zeeczaru" {rPois Dex+4}
  1543 | D:2      | Reached XP level 4. HP: 32/38 MP: 4/4
  1667 | D:2      | Reached skill level 5 in Fighting
  1752 | D:2      | Found a runed translucent door.
  1753 | D:2      | Noticed Crazy Yiuf
  3107 | D:4      | Found a basalt altar of Yredelemnul.
  3158 | D:4      | Reached XP level 5. HP: 43/46 MP: 5/5
  3258 | D:4      | Noticed a phantom
  3292 | D:4      | Killed a phantom
  3348 | D:4      | Reached XP level 6. HP: 34/55 MP: 6/6
  3376 | D:4      | Reached *** piety under Wu Jian
  3922 | D:5      | Entered Level 5 of the Dungeon
  3946 | D:5      | Noticed Pikel
  3947 | D:5      | Identified a scroll of acquirement
  3966 | D:5      | Killed Pikel
  3967 | D:5      | Reached XP level 7. HP: 24/64 MP: 7/7
  4479 | D:5      | Noticed Ijyb
  4492 | D:5      | Killed Ijyb
  4850 | D:5      | Reached XP level 8. HP: 50/72 MP: 8/8
  5008 | D:5      | Reached skill level 10 in Fighting
  5008 | D:5      | Reached skill level 1 in Maces & Flails
  5285 | D:6      | Acquired the +5 lajatang "Reobb" {vorpal, Will+}
  5298 | D:6      | Found a sacrificial altar of Ru.
  5348 | D:6      | Reached skill level 1 in Staves
  5461 | D:6      | Identified the +1 pair of boots of Responsibility {rF++}
  5548 | D:6      | Reached skill level 2 in Staves
  5592 | D:6      | Found a staircase to the Ecumenical Temple.
  5602 | Temple   | Entered the Ecumenical Temple
  5888 | D:6      | Reached skill level 3 in Staves
  6518 | D:7      | Reached skill level 4 in Staves
  6704 | D:7      | Reached skill level 5 in Staves
  6755 | D:7      | Reached XP level 9. HP: 63/78 MP: 9/9
  7063 | D:7      | Reached skill level 6 in Staves
  7170 | D:7      | Noticed Joseph
  7180 | D:7      | Killed Joseph
  7627 | D:7      | Reached skill level 7 in Staves
  8039 | D:8      | Found a broken altar of Ashenzari.
  8042 | D:8      | Saw a vision of the Swamp and the Snake Pit.
  8042 | D:8      | Noticed a shock serpent
  8042 | D:8      | Noticed a black mamba
  8042 | D:8      | Noticed a salamander
  8042 | D:8      | Noticed a naga sharpshooter
  8042 | D:8      | Noticed a goliath frog
  8045 | D:8      | Noticed an anaconda
  8054 | D:8      | Noticed a shock serpent
  8221 | D:8      | Noticed Maggie
  8231 | D:8      | Killed Maggie
  8232 | D:8      | Reached skill level 8 in Staves
  8688 | D:8      | Reached skill level 9 in Staves
  8919 | D:8      | Reached XP level 10. HP: 85/85 MP: 10/10
  9376 | D:9      | Found a blossoming altar of Fedhas.
  9543 | D:9      | Reached skill level 10 in Staves
  9769 | D:9      | Reached **** piety under Wu Jian
 10393 | D:10     | Entered Level 10 of the Dungeon
 10590 | D:10     | Reached skill level 11 in Staves
 11311 | D:10     | Reached XP level 11. HP: 87/90 MP: 11/11
 11562 | D:10     | Reached skill level 12 in Staves
 12402 | D:11     | Found the +8 trident of the Octopus King {venom, rElec
                  | rPois}
 12427 | D:11     | Noticed Erica
 12442 | D:11     | Killed Erica
 12509 | D:11     | Found a staircase to the Lair.
 12735 | D:11     | Found a staircase to the Orcish Mines.
 12756 | D:11     | Reached skill level 13 in Staves
 12966 | D:11     | Identified the +6 long sword of the Lair of Beasts {flame,
                  | rC+ Dex+3}
 13223 | D:11     | Noticed a boulder beetle
 13230 | D:11     | Killed a boulder beetle
 13310 | D:11     | Identified the +1 leather armour "Pehitotuut" {Rampage
                  | Int+4 Stlth+}
 13588 | Lair:1   | Entered Level 1 of the Lair of Beasts
 13588 | Lair:1   | Found a frozen archway.
 13605 | IceCv    | Entered an ice cave
 14008 | IceCv    | Reached ***** piety under Wu Jian
 14149 | IceCv    | Reached XP level 12. HP: 77/97 MP: 12/12
 14152 | IceCv    | Noticed a reaper
 14177 | IceCv    | Killed a reaper
 14178 | IceCv    | Reached skill level 5 in Dodging
 14687 | IceCv    | Identified the +10 sling of Arrival {freeze, Drain Int+3
                  | Dex+4}
 15391 | Lair:1   | Reached skill level 1 in Throwing
 15391 | Lair:1   | Reached skill level 1 in Armour
 15391 | Lair:1   | Reached skill level 1 in Evocations
 16250 | Lair:2   | Noticed a four-headed hydra
 16256 | Lair:2   | Killed an eight-headed hydra
 16400 | Lair:2   | Found a runed translucent door.
 16401 | Lair:2   | Found a shimmering altar of Xom.
 16401 | Lair:2   | Noticed unlimited1921's ghost (journeyman DjFE)
 16448 | Lair:2   | Noticed a seven-headed hydra
 16457 | Lair:2   | Killed a one-headed hydra
 16865 | Lair:2   | Found a staircase to the Swamp.
 17461 | Lair:3   | Noticed a death yak
 17461 | Lair:3   | Noticed a death yak
 17462 | Lair:3   | Noticed a death yak
 17464 | Lair:3   | Noticed a death yak
 17474 | Lair:3   | Killed a death yak
 17477 | Lair:3   | Killed a death yak
 17482 | Lair:3   | Killed a death yak
 17483 | Lair:3   | Killed a death yak
 18037 | Lair:3   | Gained mutation: You are strongly in touch with the powers
                  | of death. [Mummy growth]
 18037 | Lair:3   | Reached XP level 13. HP: 46/103 MP: 13/13
 18346 | Lair:3   | Found a staircase to the Snake Pit.
 18703 | Lair:4   | Reached skill level 5 in Armour
 18703 | Lair:4   | Reached skill level 5 in Evocations
 18897 | Lair:4   | Reached skill level 5 in Throwing
 20350 | Lair:5   | Entered Level 5 of the Lair of Beasts
 21195 | Lair:5   | Found a staircase to the Slime Pits.
 21195 | Lair:5   | Found a viscous altar of Jiyva.
 21476 | Lair:5   | Noticed a fire dragon
 21508 | Lair:5   | Killed a fire dragon
 22154 | D:12     | Found Pabadd's Magic Scroll Emporium.
 22161 | D:12     | Bought a scroll of magic mapping for 112 gold pieces
 22465 | D:12     | Reached XP level 14. HP: 78/110 MP: 14/14
 22962 | D:12     | Noticed Nessos
 22963 | D:12     | Noticed Nessos
 22963 | D:12     | Nessos changed into Nessos the swamp dragon
 22973 | D:12     | Killed Nessos the swamp dragon
 23231 | Orc:1    | Entered Level 1 of the Orcish Mines
 23255 | Orc:1    | Reached skill level 10 in Armour
 24009 | Orc:2    | Entered Level 2 of the Orcish Mines
 24428 | Orc:2    | Noticed Urug
 24439 | Orc:2    | Killed Urug
 24580 | Orc:2    | Reached skill level 5 in Stealth
 24582 | Orc:2    | Noticed an orc warlord
 24599 | Orc:2    | Killed an orc warlord
 25953 | Orc:2    | Noticed Josephine
 25958 | Orc:2    | Noticed Snorg
 25959 | Orc:2    | Killed Josephine
 25966 | Orc:2    | Noticed Snorg
 25966 | Orc:2    | Snorg changed into Snorg the lindwurm
 25997 | Orc:2    | Killed Snorg the lindwurm
 26278 | Orc:2    | Found a staircase to the Elven Halls.
 26432 | Orc:2    | Found Ussuvyq's Antique Armour Boutique.
 26433 | Orc:2    | Found Iceg's Antique Weapon Boutique.
 26434 | Orc:2    | Found Qillour's General Store.
 26434 | Orc:2    | Found Edint's Book Shop.
 26439 | Orc:2    | Bought a wand of charming (3) for 100 gold pieces
 26669 | Orc:2    | Bought 6 poisoned darts for 33 gold pieces
 26842 | D:12     | Bought a scroll of enchant armour for 112 gold pieces
 26842 | D:12     | Bought a scroll of teleportation for 45 gold pieces
 26842 | D:12     | Bought a scroll of enchant armour for 112 gold pieces
 26842 | D:12     | Bought a scroll of teleportation for 45 gold pieces
 26842 | D:12     | Bought a scroll of enchant armour for 112 gold pieces
 26842 | D:12     | Bought a scroll of fog for 60 gold pieces
 26998 | D:13     | Noticed Kirke
 27014 | D:13     | Killed Kirke
 27873 | D:13     | Noticed Rupert
 27881 | D:13     | Killed Rupert
 28021 | D:13     | Reached XP level 15. HP: 115/115 MP: 15/15
 28480 | D:14     | Reached skill level 10 in Dodging
 29400 | D:14     | Found a gate to the Vaults.
 29932 | D:14     | Acquired the ring of Miom {rElec rPois rF- SInv Stlth+}
 29958 | D:15     | Entered Level 15 of the Dungeon
 29958 | D:15     | Noticed Azrael
 30115 | D:15     | Killed Azrael
 30289 | D:15     | Found a transporter.
 30309 | D:15     | Found a transporter.
 30457 | D:15     | Identified the +4 long sword of Exhibitionism {pain, rF+
                  | rN+}
 30525 | D:15     | Found a staircase to the Depths.
 30779 | D:15     | Noticed Jorgrun
 30793 | D:15     | Killed Jorgrun
 31575 | D:15     | Noticed a frost giant
 31575 | D:15     | Noticed Gosau's ghost (journeyman DsGl)
 31578 | D:15     | Identified the +5 giant club of Noon {flame, Str+3 Int+7}
 31578 | D:15     | Noticed a fire giant
 31787 | Swamp:1  | Entered Level 1 of the Swamp
 32465 | Swamp:1  | Noticed Roxanne
 32475 | Swamp:1  | Killed Roxanne
 33001 | Swamp:1  | Noticed a fenstrider witch
 33005 | Swamp:1  | Noticed Frances
 33010 | Swamp:1  | Killed a fenstrider witch
 33012 | Swamp:1  | Killed Frances
 33013 | Swamp:1  | Reached skill level 10 in Throwing
 33020 | Swamp:1  | Slain by a spriggan rider

Illustrated notes

Levels and vault maps discovered:
D:1:      minmay_arrival_four_houses, layout_loops_cross,
          dreamdust_ecumenical_altar_drowned_temple
D:2:      layout_basic, basic_altar, nicolae_elevator_lobby_asterisk,
          uniq_crazy_yiuf_cottage
D:3:      layout_basic
D:4:      layout_gridville, old_standard_altar
D:5:      layout_basic, eino_small_chamber_without_monster, minmay_crystal_room,
          uniq_ijyb, uniq_pikel
D:6:      layout_loops_ring, nicolae_ru_great_annihilating_truth,
          minmay_temple_entry_poolview, kennysheep_opposing_triangles
D:7:      layout_loops_corners, nicolae_tso_swordbearing_angel, st_stairs_6,
          uniq_joseph
D:8:      layout_loops_ring, grunt_ashenzari_visionary
          [grunt_ashenzari_visionary_swamp, grunt_ashenzari_visionary_snake],
          minmay_misc_feat_encased, serial_bayou_ford_a,
          hangedman_decor_peaks_small, uniq_maggie
D:9:      layout_basic, mainiacjoe_overflow_six_doors_small
D:10:     argonaut_augean_stables, layout_rooms, hangedman_incinerator
D:11:     layout_gridville, david_lair_shrubbed, david_orc_1_choice,
          nrook_mini_backslash, uniq_erica
D:12:     layout_small_grid, serial_shops, nicolae_shop_crystal, uniq_nessos
D:13:     layout_loops_ring, uniq_kirke, uniq_rupert
D:14:     layout_gridville, hangedman_vaults_entry_quadrant_bands,
          chequers_decorated_corner
D:15:     grunt_enter_depths_snipers, layout_basic, minmay_misc_feat_chi,
          gammafunk_ghost_smash, uniq_jorgrun, uniq_azrael
Temple:   minmay_crystal_spiral_temple
Lair:1:   layout_regular_city, portal_ice_cave_entry_pillars_1
Lair:2:   layout_misc_corridors, minmay_swamp_entry_swarm, ebering_ghost_xom,
          serial_bayou_pond_e
Lair:3:   layout_roguey, minmay_snake_entry_guardpost_large
Lair:4:   layout_gridlike, st_stairs_7
Lair:5:   guppyfry_lair_end_dragon, layout_loops_ring, slime_entry_1
Swamp:1:  layout_basic_swamp, hangedman_swamp_diagram, swamp_pool1,
          infiniplex_staircase_pool, uniq_frances, uniq_roxanne
Orc:1:    layout_diamond_mine, nicolae_orc_crystal_geode
Orc:2:    st_orc_congregation, layout_diamond_mine, basic_altar, uniq_snorg,
          uniq_josephine, uniq_urug

Skill      XL: |  1  2  3  4  5  6  7  8  9 10 11 12 13 14 15 |
---------------+----------------------------------------------+-----
Fighting       | 4 5 7 9 10 | 10.0
Maces & Flails | 1 |  1.1
Staves         | 5 9 11 13 | 13.8
Dodging        | 4 6 9 10 | 10.0
Throwing       | 4 5 10 | 10.0
Armour         | 4 9 10 | 10.0
Evocations     | 4 6 |  6.0
Stealth        | 6 |  6.0
Polearms       | |  2.4

Action                   |  1- 3 |  4- 6 |  7- 9 | 10-12 | 13-15 || total
-------------------------+-------+-------+-------+-------+-------++-------
Melee: Spear             |    48 |       |       |       |       ||    48
       Whip              |    70 |   162 |    43 |       |       ||   275
       Punch             |       |     1 |       |       |     2 ||     3
       Lajatang          |       |       |   135 |   443 |   904 ||  1482
       Scimitar          |       |       |       |    10 |    29 ||    39
Throw: Javelin           |       |    11 |     2 |    29 |    44 ||    86
       Boomerang         |       |       |     7 |    56 |    71 ||   134
       Dart              |       |       |       |    32 |   137 ||   169
       Throwing net      |       |       |       |       |     2 ||     2
Invok: Lunge             |       |    13 |    11 |    26 |    81 ||   131
       Whirlwind         |       |     1 |    13 |    18 |    62 ||    94
       Serpent's Lash    |       |     1 |     7 |     9 |    23 ||    40
       Heavenly Storm    |       |       |       |       |     2 ||     2
 Abil: Wall Jump         |       |       |     4 |     5 |    13 ||    22
Evoke: Wand              |       |       |    53 |    37 |    67 ||   157
       Phantom mirror    |       |       |       |       |     2 ||     2
  Use: Scroll            |       |    11 |     6 |    10 |    24 ||    51
 Stab: Sleeping          |     2 |       |     3 |     5 |       ||    10
       Distracted        |       |       |     1 |       |       ||     1
       Paralysed         |       |       |     1 |       |     1 ||     2
       Invisible         |       |       |       |       |     1 ||     1
Armor: Ring mail         |     8 |       |       |    39 |       ||    47
       Robe              |     2 |       |       |       |       ||     2
       Chain mail        |    36 |    26 |       |       |       ||    62
       Leather armour    |       |    27 |    32 |    16 |       ||    75
       Scale mail        |       |     1 |       |       |       ||     1
       Steam dragon scal |       |       |    20 |    18 |       ||    38
       Crystal plate arm |       |       |       |   118 |   542 ||   660
Dodge: Dodged            |    46 |    75 |   116 |   178 |   242 ||   657
Block: Buckler           |       |       |     3 |       |       ||     3
